[Event "Titled Tuesday Blitz May 03 Late 2022"]
[White "Sailer, Mike"]
[Black "Hasman, Cengiz"]
[WhiteFideId "2012901"]
[BlackFideId "413364"]
[WhiteElo "2109"]
[BlackElo "2020"]
[Result "1/2-1/2"]
[Round "02"]
[TimeControl "180+1"]
[Date "2022.05.03"]
[WhiteClock "0:00:04"]
[BlackClock "0:00:23"]

1. d4 Nf6 2. Nf3 g6 3. Bf4 Bg7 4. e3 O-O 5. Be2 Nh5 6. Bg5 d6 7. c4 Nc6 8. Nc3 h6 9. Bh4 Nf6 10. O-O Bf5 11. a3 Ne4 12. Nxe4 Bxe4 13. b4 g5 14. Bg3 Qe8 15. Bd3 Bxd3 16. Qxd3 e5 17. dxe5 dxe5 18. e4 Rd8 19. Qc2 Nd4 20. Nxd4 Rxd4 21. Rad1 Qd7 22. f3 Rd8 23. Rxd4 exd4 24. Qd3 b6 25. Rd1 c5 26. b5 Qb7 27. a4 a6 28. h3 axb5 29. axb5 Ra8 30. f4 gxf4 31. Bxf4 Ra2 32. Re1 Qa8 33. Kh2 Qa3 34. Qf1 d3 35. Rd1 d2 36. Rxd2 Rxd2 37. Bxd2 Be5+ 38. Bf4 Qc3 39. Bxe5 Qxe5+ 40. Kh1 Qxe4 41. Qf6 Qxc4 42. Qxb6 Qf1+ 43. Kh2 Qf4+ 44. Kh1 c4 45. Qd8+ Kg7 46. b6 c3 47. Qc7 Qc1+ 48. Kh2 c2 49. b7 Qb1 50. Qe5+ Kg6 51. b8=Q Qxb8 52. Qxb8 c1=Q 53. Qg8+ Kf6 54. Qd8+ Kg7 55. Qd4+ Kg8 56. Qd8+ Kh7 57. Qd3+ Kg7 58. Qd4+ f6 59. Qd7+ Kg6 60. Qg4+ Kf7 61. Qd7+ Kf8 62. Qd8+ Kg7 63. Qd7+ Kg6 64. Qg4+ Kh7 65. Qd7+ Kg6 1/2-1/2


[Site "https://www.chess.com"]

[Event "Titled Tuesday Blitz May 03 Late 2022"]
[White "Sarana, Alexey"]
[Black "Hnydiuk, Aleksander"]
[WhiteFideId "24133795"]
[BlackFideId "1109057"]
[WhiteElo "2666"]
[BlackElo "2374"]
[Result "1-0"]
[Round "02"]
[TimeControl "180+1"]
[Date "2022.05.03"]
[WhiteClock "0:01:24"]
[BlackClock "0:00:13"]

1. d4 Nf6 2. c4 g6 3. Nc3 d5 4. cxd5 Nxd5 5. e4 Nxc3 6. bxc3 Bg7 7. Be3 c5 8. Qd2 Qa5 9. Rc1 cxd4 10. cxd4 Qxd2+ 11. Bxd2 O-O 12. Nf3 Bg4 13. Be3 Nc6 14. d5 Nb4 15. a3 Na2 16. Rc2 Nc3 17. Nd4 Rac8 18. Bd3 f5 19. f3 fxe4 20. fxe4 e5 21. Ne6 Bxe6 22. dxe6 b6 23. Kd2 Na4 24. Rxc8 Rxc8 25. Bb5 Nc3 26. Bd7 Nxe4+ 27. Kd3 Nc5+ 28. Bxc5 e4+ 29. Ke2 Rxc5 30. e7 Rc2+ 31. Kd1 1-0


[Site "https://www.chess.com"]

[Event "Titled Tuesday Blitz May 03 Late 2022"]
[White "Sargsyan, Anna M."]
[Black "Suleymanli, Aydin"]
[WhiteFideId "13308130"]
[BlackFideId "13413937"]
[WhiteElo "2271"]
[BlackElo "2481"]
[Result "0-1"]
[Round "02"]
[TimeControl "180+1"]
[Date "2022.05.03"]
[WhiteClock "0:00:03"]
[BlackClock "0:00:14"]

1. d4 Nf6 2. c4 g6 3. g3 Bg7 4. Bg2 O-O 5. Nc3 d6 6. Nf3 c5 7. O-O Nc6 8. dxc5 dxc5 9. Be3 Be6 10. Qc1 Bxc4 11. Bxc5 Qa5 12. Be3 Rfd8 13. Rd1 Rxd1+ 14. Qxd1 Rd8 15. Qc2 Nb4 16. Qc1 b5 17. Ne5 Nfd5 18. Nxc4 bxc4 19. Nxd5 Nxd5 20. Qxc4 Nxe3 21. fxe3 Qd2 22. Rf1 Qxe3+ 23. Kh1 e6 24. b4 Bd4 25. b5 Bb6 26. a4 Kg7 27. Qf4 Qxf4 28. Rxf4 Rd2 29. Bf3 Rd1+ 30. Kg2 Rg1+ 31. Kh3 f5 32. g4 g5 33. Rc4 h5 34. gxh5 Kh6 35. Rc6 g4+ 36. Kh4 Bf2# 0-1


[Site "https://www.chess.com"]

[Event "Titled Tuesday Blitz May 03 Late 2022"]
[White "Sebag, Marie"]
[Black "Demchenko, Anton"]
[WhiteFideId "617822"]
[BlackFideId "4160258"]
[WhiteElo "2440"]
[BlackElo "2539"]
[Result "1-0"]
[Round "02"]
[TimeControl "180+1"]
[Date "2022.05.03"]
[WhiteClock "0:01:05"]
[BlackClock "0:00:03"]

1. e4 e5 2. Nf3 Nc6 3. Bc4 Nf6 4. d3 h6 5. O-O d6 6. c3 g6 7. Re1 Bg7 8. Nbd2 O-O 9. Bb3 Kh8 10. d4 exd4 11. cxd4 Nh7 12. d5 Ne7 13. Nf1 g5 14. Ng3 Ng6 15. Nh5 Bg4 16. Nxg7 Kxg7 17. h3 Bxf3 18. Qxf3 Ne5 19. Qc3 f6 20. Be3 h5 21. Rac1 Rf7 22. f4 gxf4 23. Bxf4 Nf8 24. Bd1 h4 25. Rf1 Nfg6 26. Bh5 Re7 27. Bxg6 Kxg6 28. Bxe5 Rxe5 29. Rf4 Qh8 30. Qxc7 Qh6 31. Rcf1 Rf8 32. Qxd6 Kg7 33. Rxf6 Rxf6 34. Qxe5 Qe3+ 35. Kh1 1-0


[Site "https://www.chess.com"]

[Event "Titled Tuesday Blitz May 03 Late 2022"]
[White "Senthilkumar, Pranav"]
[Black "Winkels, Marcel"]
[WhiteFideId "2083477"]
[BlackFideId "1003887"]
[WhiteElo "2458"]
[BlackElo "1900"]
[Result "0-1"]
[Round "02"]
[TimeControl "180+1"]
[Date "2022.05.03"]
[WhiteClock "0:01:26"]
[BlackClock "0:00:20"]

1. Nf3 d5 2. d4 Nf6 3. c4 c6 4. Nc3 a6 5. c5 g6 6. e3 Bg7 7. Bd3 O-O 8. O-O Nbd7 9. b4 e5 10. dxe5 Ng4 11. Bb2 Ngxe5 12. Nxe5 Nxe5 13. Bc2 Qh4 14. Ne2 Ng4 15. h3 Bxb2 16. hxg4 Bxg4 17. Rb1 Be5 18. f4 Bg7 19. Qd2 Rae8 20. Rbe1 Rd8 21. Nd4 Rfe8 22. f5 Be5 23. Nf3 Bxf3 24. gxf3 Qg3+ 25. Qg2 Qxg2+ 26. Kxg2 d4 27. exd4 Bxd4 28. fxg6 hxg6 29. Bb3 Bc3 30. Re4 Rxe4 31. fxe4 Rd7 32. a3 Bb2 33. e5 Bxe5 34. Rf3 Kg7 35. Bc4 f5 36. Rb3 Rd2+ 37. Kf3 Rc2 38. Bd3 Rc3 39. Rxc3 Bxc3 40. Ke3 Bb2 41. a4 Ba3 42. b5 axb5 43. axb5 Bxc5+ 44. Kd2 cxb5 45. Bxb5 Kf6 46. Ke2 Ke5 47. Kf3 g5 48. Be8 g4+ 49. Kg2 Be3 50. Bb5 Kf4 51. Bd7 b6 52. Bb5 Kg5 53. Bd7 f4 54. Kh1 g3 55. Bc6 Kg4 56. Kg2 Bf2 57. Bf3+ Kg5 58. Bc6 Kf6 59. Kf3 Ke5 60. Bb5 Kd6 61. Bf1 Kc5 62. Kxf4 b5 63. Kf3 Kd4 64. Ke2 Kc3 65. Kd1 b4 66. Kc1 b3 67. Kb1 b2 68. Bg2 Bd4 69. Be4 Kd2 70. Bd5 Ke3 71. Kc2 Kf2 72. Kb1 g2 73. Bxg2 Kxg2 74. Ka2 Kf2 75. Kb1 Ke3 76. Kc2 Ke2 77. Kb1 Kd2 78. Ka2 Kc3 79. Kb1 Be3 80. Ka2 Kc2 81. Ka3 b1=Q 82. Ka4 Qb3+ 0-1


[Site "https://www.chess.com"]

[Event "Titled Tuesday Blitz May 03 Late 2022"]
[White "Skawinski, Arkadiusz"]
[Black "Paravyan, David"]
[WhiteFideId "1126415"]
[BlackFideId "4194985"]
[WhiteElo "2222"]
[BlackElo "2569"]
[Result "1/2-1/2"]
[Round "02"]
[TimeControl "180+1"]
[Date "2022.05.03"]
[WhiteClock "0:00:19"]
[BlackClock "0:00:08"]

1. e4 e5 2. Nf3 Nf6 3. Nxe5 d6 4. Nf3 Nxe4 5. c4 Nc6 6. d4 d5 7. Nc3 Bb4 8. Qb3 dxc4 9. Bxc4 O-O 10. O-O Bxc3 11. bxc3 Na5 12. Qa4 Nxc4 13. Qxc4 Nd6 14. Qd5 Bf5 15. Re1 Re8 16. Ba3 Be4 17. Qg5 Bxf3 18. Rxe8+ Qxe8 19. Bxd6 cxd6 20. gxf3 Qc6 21. Qe3 Re8 22. Qd3 b5 23. Kf1 g6 24. Re1 Rxe1+ 25. Kxe1 Qd5 26. Qe2 Kg7 27. Kf1 Qc4 28. Qxc4 bxc4 29. Ke2 Kf6 30. Ke3 Kf5 31. f4 d5 32. h3 h6 33. Kf3 g5 34. fxg5 hxg5 35. Ke3 Kg6 36. Kf3 Kh5 37. Kg3 f6 38. f4 a6 39. a3 a5 40. a4 Kg6 41. fxg5 fxg5 42. Kg4 Kf6 43. Kg3 Kg7 44. Kg4 Kg6 45. Kg3 Kh5 46. Kg2 Kh4 47. Kh2 g4 48. hxg4 Kxg4 49. Kg2 Kf4 50. Kf2 Ke4 51. Ke2 Kf4 52. Kf2 Kg4 53. Kg2 Kf4 54. Kf2 1/2-1/2


[Site "https://www.chess.com"]

[Event "Titled Tuesday Blitz May 03 Late 2022"]
[White "Skytte, Rasmus"]
[Black "Wachinger, Guenther"]
[WhiteFideId "1404210"]
[BlackFideId "4604261"]
[WhiteElo "2430"]
[BlackElo "2212"]
[Result "0-1"]
[Round "02"]
[TimeControl "180+1"]
[Date "2022.05.03"]
[WhiteClock "0:00:05"]
[BlackClock "0:00:37"]

1. e4 c5 2. Nf3 d6 3. d4 cxd4 4. Nxd4 Nf6 5. Nc3 g6 6. Be3 Bg7 7. Qd2 O-O 8. f3 Nc6 9. O-O-O d5 10. Qe1 e5 11. Nxc6 bxc6 12. Bc5 d4 13. Bxf8 Qxf8 14. Na4 Rb8 15. Bc4 Be6 16. Bxe6 fxe6 17. b3 Qa3+ 18. Kd2 Nh5 19. g3 Rf8 20. Rf1 Bh6+ 21. Kd3 c5 22. Kc4 Rb8 23. Qa5 Rb4+ 24. Kd3 c4+ 25. Ke2 Rb8 26. Qc7 Rf8 27. Qe7 Qxe7 28. bxc4 Qb4 29. Kd3 Qxa4 30. c5 Qa3+ 31. Kc4 Qa4+ 32. Kd3 Qa6+ 33. c4 Qa3+ 34. Kc2 Qc3+ 35. Kb1 Rb8# 0-1


[Site "https://www.chess.com"]

[Event "Titled Tuesday Blitz May 03 Late 2022"]
[White "Smail, Benedict"]
[Black "Kozin, Yuri"]
[WhiteFideId "2050480"]
[BlackFideId "4129920"]
[WhiteElo "2070"]
[BlackElo "2555"]
[Result "0-1"]
[Round "02"]
[TimeControl "180+1"]
[Date "2022.05.03"]
[WhiteClock "0:00:03"]
[BlackClock "0:00:30"]

1. d4 d5 2. c4 c6 3. Nc3 Nf6 4. Nf3 dxc4 5. a4 Bf5 6. Nh4 Bd7 7. e4 e6 8. Bxc4 Nxe4 9. Nf3 Nxc3 10. bxc3 Be7 11. Rb1 Qc8 12. Ne5 O-O 13. O-O c5 14. Bd3 Nc6 15. Nxd7 Qxd7 16. Qh5 g6 17. Qf3 cxd4 18. cxd4 Rab8 19. Bh6 Rfd8 20. Rfd1 Bf8 21. Bg5 Re8 22. Bf4 Bd6 23. Be3 Ne7 24. Bb5 Nc6 25. d5 exd5 26. Qxd5 Re6 27. Bxa7 Rd8 28. Qf3 Qc7 29. Bxc6 Bxh2+ 30. Kh1 Rxd1+ 31. Rxd1 bxc6 32. Bc5 Be5 33. g3 Kg7 34. Rd2 Rf6 35. Qe3 h5 36. Ra2 Bd6 37. Bd4 c5 38. Bxf6+ Kxf6 39. Qc3+ Be5 40. Qf3+ Kg7 41. a5 Bd4 42. Kg2 c4 43. a6 c3 44. Qd3 Ba7 45. Rc2 Qc6+ 46. Kg1 Qb6 47. Qxc3+ Kh7 48. Qa1 h4 49. Ra2 hxg3 50. Kg2 gxf2 51. Qh1+ Kg7 52. Re2 Qxa6 53. Qb1 Qc6+ 54. Kf1 Qh1# 0-1


[Site "https://www.chess.com"]

[Event "Titled Tuesday Blitz May 03 Late 2022"]
[White "Sokolovsky, Yahli"]
[Black "Avalos Parra, Joao"]
[WhiteFideId "2820242"]
[BlackFideId "3402541"]
[WhiteElo "1770"]
[BlackElo "2173"]
[Result "1-0"]
[Round "02"]
[TimeControl "180+1"]
[Date "2022.05.03"]
[WhiteClock "0:00:08"]
[BlackClock "0:00:03"]

1. b3 d5 2. Bb2 Bg4 3. h3 Bh5 4. g4 Bg6 5. d3 Nd7 6. Nf3 c6 7. Bg2 Qc7 8. Nbd2 e5 9. Nh4 Bd6 10. c4 Ne7 11. Rc1 Qb6 12. O-O O-O 13. e4 d4 14. Nf5 Bc5 15. Rc2 a5 16. a3 Rfe8 17. Bc1 Nf8 18. Nf3 f6 19. N3h4 Bf7 20. g5 Nxf5 21. Nxf5 fxg5 22. Bxg5 Bxa3 23. Qg4 Ne6 24. Bf6 Bg6 25. Ne7+ Bxe7 26. Qxe6+ Bf7 27. Qg4 Bxf6 28. f4 exf4 29. Rxf4 c5 30. Rcf2 Re6 31. e5 h5 32. Qf3 Qxb3 33. exf6 Re1+ 34. Kh2 g6 35. Qg3 Kh7 36. Be4 Rg8 37. Rh4 Qd1 38. Bf3 Qxd3 39. Rg2 Qf5 40. Bg4 Qxf6 41. Bxh5 Re3 42. Bxg6+ Kg7 43. Qg4 Qe5+ 44. Kh1 Re1+ 45. Rg1 Rxg1+ 46. Qxg1 Bxg6 47. Rg4 Qe4+ 48. Rxe4 Kh7 49. Rg4 Rg7 50. Rh4+ Kg8 51. Rg4 Kf7 52. Qf2+ Kg8 53. Qf6 d3 54. Rxg6 Rxg6 55. Qxg6+ 1-0


[Site "https://www.chess.com"]

[Event "Titled Tuesday Blitz May 03 Late 2022"]
[White "Stanisz, Patryk"]
[Black "Pinheiro, Iung Alicio de O."]
[WhiteFideId "1123106"]
[BlackFideId "2104350"]
[WhiteElo "1833"]
[BlackElo "2511"]
[Result "0-1"]
[Round "02"]
[TimeControl "180+1"]
[Date "2022.05.03"]
[WhiteClock "0:00:13"]
[BlackClock "0:00:11"]

1. g3 c5 2. Bg2 g6 3. c4 Bg7 4. Nc3 Nc6 5. Nf3 d6 6. O-O Be6 7. d3 Qc8 8. Re1 Bh3 9. Bh1 h5 10. Bg5 h4 11. Nd5 hxg3 12. fxg3 Bxb2 13. Rb1 Bd4+ 14. Nxd4 cxd4 15. e3 f6 16. Bf4 g5 17. exd4 gxf4 18. Qe2 Kf7 19. Nxf4 Nxd4 20. Qf2 e5 21. Bxb7 Qe8 22. Bd5+ Kg7 23. Rb7+ Ne7 24. Rxe7+ Qxe7 25. Bxa8 Rxa8 26. Nxh3 Qb7 27. Re3 Rb8 28. Kf1 Qb1+ 29. Qe1 Qc2 30. Qf2 Rb1+ 31. Kg2 Qd1 32. Ng1 Nf5 33. Rf3 Nd4 34. Rxf6 Qxg1+ 35. Qxg1 Rxg1+ 36. Kxg1 Kxf6 37. Kf2 Nc2 38. Ke2 Nb4 39. a4 Nc2 40. Kd2 Nd4 41. Kc3 Nf3 42. h4 a5 43. c5 d5 44. c6 Ke6 45. h5 Ng5 46. Kd2 Kd6 47. g4 Kxc6 48. Ke2 Kc5 49. Kf2 Kb4 50. Kg3 Kxa4 51. Kh4 Nf3+ 52. Kg3 e4 53. dxe4 dxe4 54. h6 Ng5 55. Kf4 e3 56. Kxe3 Kb3 57. Kf4 Nh7 58. Kf5 a4 59. g5 a3 60. g6 a2 61. gxh7 a1=Q 62. Kg6 Qh8 63. Kh5 Kc4 64. Kg5 Kd5 65. Kg6 Ke6 66. Kh5 Kf5 67. Kh4 Qxh7 68. Kg3 Qg6+ 69. Kh4 Qxh6+ 0-1


[Site "https://www.chess.com"]

[Event "Titled Tuesday Blitz May 03 Late 2022"]
[White "Stevens, Christian"]
[Black "Romero Ruscalleda, Josep"]
[WhiteFideId "2604450"]
[BlackFideId "2231859"]
[WhiteElo "2489"]
[BlackElo "2278"]
[Result "1-0"]
[Round "02"]
[TimeControl "180+1"]
[Date "2022.05.03"]
[WhiteClock "0:02:38"]
[BlackClock "0:02:25"]

1. d4 g6 2. c4 Bg7 3. Nc3 d6 4. e4 e5 5. d5 Ne7 6. g4 f5 7. gxf5 gxf5 8. Qh5+ Kf8 9. Nf3 Nd7 10. Ng5 Ng6 11. Ne6+ Kf7 12. Nxd8+ Rxd8 13. exf5 1-0


[Site "https://www.chess.com"]

[Event "Titled Tuesday Blitz May 03 Late 2022"]
[White "Svicevic, Rastko"]
[Black "Baches Garcia, Guillermo"]
[WhiteFideId "916315"]
[BlackFideId "2209764"]
[WhiteElo "2132"]
[BlackElo "2484"]
[Result "0-1"]
[Round "02"]
[TimeControl "180+1"]
[Date "2022.05.03"]
[WhiteClock "0:00:20"]
[BlackClock "0:00:32"]

1. d4 Nf6 2. Bg5 e6 3. e4 h6 4. Bxf6 Qxf6 5. c3 d5 6. Nd2 c5 7. Ngf3 Nc6 8. exd5 exd5 9. Bb5 Be7 10. O-O O-O 11. dxc5 Bxc5 12. h3 Be6 13. Qa4 Rac8 14. Nb3 Bb6 15. Qh4 Qxh4 16. Nxh4 Ne5 17. Be2 Nc4 18. Rab1 a5 19. Bd3 a4 20. Nc1 Nd2 21. Ra1 Nxf1 22. Kxf1 a3 23. Ne2 Ba5 24. Rb1 axb2 25. Rxb2 Rc7 26. Rb5 b6 27. Nf3 Ra8 28. Rb3 d4 29. c4 Bxc4 30. Bxc4 Rxc4 31. Nexd4 Re8 32. Kg1 Rc1+ 33. Kh2 Ra1 34. a3 Rc8 35. Nb5 Ra2 36. Kg3 Rcc2 37. Nbd4 Rxf2 38. Nh4 g5 0-1


[Site "https://www.chess.com"]

[Event "Titled Tuesday Blitz May 03 Late 2022"]
[White "Szalay, Karoly"]
[Black "Tanenbaum, Zachary"]
[WhiteFideId "2600544"]
[BlackFideId "2060850"]
[WhiteElo "2425"]
[BlackElo "2168"]
[Result "0-1"]
[Round "02"]
[TimeControl "180+1"]
[Date "2022.05.03"]
[WhiteClock "0:00:16"]
[BlackClock "0:01:21"]

1. e4 e5 2. Nf3 Nc6 3. Bb5 a6 4. Ba4 d6 5. O-O Nf6 6. h3 b5 7. Bb3 Na5 8. d4 exd4 9. e5 dxe5 10. Re1 Nxb3 11. axb3 Bd6 12. Nxe5 Bxe5 13. Rxe5+ Be6 14. Bg5 O-O 15. Qf3 h6 16. Bxf6 Qxf6 17. Qxf6 gxf6 18. Rc5 Ra7 19. Rxb5 axb5 20. Rxa7 c5 21. Rc7 Ra8 22. Nd2 Ra1+ 23. Kh2 Rd1 24. Ne4 c4 25. Nxf6+ Kf8 26. bxc4 bxc4 27. Ne4 Rb1 28. Rb7 c3 29. b3 Bxb3 30. Rb8+ Kg7 31. Rd8 Bxc2 32. Nc5 d3 33. Rd7 d2 0-1


[Site "https://www.chess.com"]

[Event "Titled Tuesday Blitz May 03 Late 2022"]
[White "Taichman, Ori"]
[Black "Dubov, Daniil"]
[WhiteFideId "2804069"]
[BlackFideId "24126055"]
[WhiteElo "2227"]
[BlackElo "2791"]
[Result "0-1"]
[Round "02"]
[TimeControl "180+1"]
[Date "2022.05.03"]
[WhiteClock "0:00:02"]
[BlackClock "0:00:46"]

1. e4 c5 2. b3 g6 3. Bb2 Nf6 4. Qf3 d6 5. Nc3 Bg7 6. Bb5+ Bd7 7. Bxd7+ Nbxd7 8. Nd5 O-O 9. Ne2 e5 10. Nec3 Nxd5 11. Nxd5 f5 12. h4 Nf6 13. exf5 e4 14. Qc3 Rf7 15. fxg6 hxg6 16. Qc4 Nxd5 17. Bxg7 Nb6 18. Qe6 Kxg7 19. h5 Qf6 20. Qxf6+ Rxf6 21. hxg6 Rxg6 22. g3 Rf8 23. Rh4 d5 24. a4 Nd7 25. Rh5 Nf6 26. Rf5 Re8 27. O-O-O Rg4 28. c4 Kg6 29. Rf4 Rxf4 30. gxf4 d4 31. Rg1+ Kf5 32. Rg5+ Kxf4 33. Rxc5 Re7 34. a5 Ng4 35. Rd5 d3 36. c5 Nxf2 37. b4 a6 38. Kb2 e3 39. dxe3+ Kf3 40. Kc3 Ke2 41. Rd6 Ne4+ 0-1


[Site "https://www.chess.com"]

[Event "Titled Tuesday Blitz May 03 Late 2022"]
[White "Tang, Andrew"]
[Black "Vlassov, Nikolai"]
[WhiteFideId "2059630"]
[BlackFideId "4103360"]
[WhiteElo "2584"]
[BlackElo "2407"]
[Result "1-0"]
[Round "02"]
[TimeControl "180+1"]
[Date "2022.05.03"]
[WhiteClock "0:00:02"]
[BlackClock "0:00:01"]

1. d4 Nf6 2. c4 Nc6 3. Nf3 e6 4. Nc3 Bb4 5. Qc2 d6 6. Bd2 O-O 7. a3 Bxc3 8. Bxc3 Qe7 9. e3 e5 10. d5 Nb8 11. Bd3 Re8 12. Nd2 c6 13. dxc6 Nxc6 14. O-O d5 15. b4 d4 16. Bb2 dxe3 17. fxe3 h6 18. c5 Ng4 19. Rae1 Qh4 20. h3 Nf6 21. Ne4 Nxe4 22. Bxe4 Qg5 23. Kh2 f5 24. Bxf5 Bxf5 25. Rxf5 Qg6 26. Ref1 Kh7 27. h4 e4 28. h5 Qe6 29. R1f4 Rad8 30. Rf7 Rd7 31. Qf2 Ne5 32. Rxd7 Qxd7 33. Bxe5 Rxe5 34. Rh4 Qd1 35. Qf4 Rxh5 36. Qxe4+ g6 37. Qe7+ Kg8 38. Qe8+ Kg7 39. Qe7+ Kg8 40. Rxh5 Qxh5+ 41. Kg3 g5 42. Qxb7 Qh4+ 43. Kf3 g4+ 44. Ke2 Qg3 45. Qa8+ Kg7 46. Qxa7+ Kg6 47. Qa6+ Kg5 48. Qc6 Qe5 49. Kd3 Qb2 50. Qd5+ Kh4 51. c6 Qxa3+ 52. Kc4 Qa2+ 53. Kc5 Qc2+ 54. Kb5 Qe2+ 55. Ka5 Qxe3 56. Ka6 Qa3+ 57. Kb5 Qa7 58. Qe5 h5 59. c7 Qb7+ 60. Kc5 Qc8 61. b5 Qf8+ 62. Kc6 Qh6+ 63. Kb7 g3 64. b6 1-0


[Site "https://www.chess.com"]

[Event "Titled Tuesday Blitz May 03 Late 2022"]
[White "Thybo, Jesper Sondergaard"]
[Black "Melaugh, Shane"]
[WhiteFideId "1438832"]
[BlackFideId "2509580"]
[WhiteElo "2724"]
[BlackElo "2420"]
[Result "1-0"]
[Round "02"]
[TimeControl "180+1"]
[Date "2022.05.03"]
[WhiteClock "0:00:10"]
[BlackClock "0:00:32"]

1. Nf3 f5 2. b3 Nf6 3. Bb2 d6 4. Bxf6 exf6 5. d4 d5 6. g3 Bd6 7. Bg2 O-O 8. O-O Be6 9. e3 c6 10. Nfd2 Nd7 11. c4 Qe8 12. Nc3 Bb4 13. cxd5 Bxc3 14. dxe6 Qxe6 15. Rc1 Bxd2 16. Qxd2 Nb6 17. Rc5 Nd7 18. Rc3 Qd6 19. Rfc1 g6 20. Qb2 a5 21. a3 Kg7 22. h4 Rfe8 23. b4 axb4 24. Qxb4 Qxb4 25. axb4 Nf8 26. b5 cxb5 27. Rc7+ Kh6 28. Rxb7 Rab8 29. Rb1 Rec8 30. R7xb5 Rxb5 31. Rxb5 Rc1+ 32. Bf1 Ne6 33. Rb6 Nc7 34. Rxf6 Nd5 35. Rd6 Nc3 36. Kg2 Rc2 37. Rc6 Kg7 38. Rc7+ Kf6 39. Bd3 Rc1 40. Rxh7 Rd1 41. Bc4 g5 42. Rh6+ Kg7 43. hxg5 Ne4 44. Bd5 Nxg5 45. Ra6 Rd2 46. g4 fxg4 47. Kg3 Nh7 48. Ra2 Rd1 49. Bb3 Nf6 50. Bxd1 1-0


[Site "https://www.chess.com"]

[Event "Titled Tuesday Blitz May 03 Late 2022"]
[White "Toncheva, Nadya"]
[Black "Mirza, Diana"]
[WhiteFideId "2924056"]
[BlackFideId "2503999"]
[WhiteElo "1884"]
[BlackElo "1813"]
[Result "1-0"]
[Round "02"]
[TimeControl "180+1"]
[Date "2022.05.03"]
[WhiteClock "0:00:14"]
[BlackClock "0:00:26"]

1. e4 d5 2. exd5 Qxd5 3. Nc3 Qd8 4. Nf3 Bg4 5. Bc4 e6 6. h3 Bxf3 7. Qxf3 c6 8. O-O Nf6 9. d3 Bd6 10. Ne4 Nxe4 11. dxe4 Nd7 12. Qe2 Ne5 13. Bb3 a5 14. a4 O-O 15. f4 Bc5+ 16. Kh1 Ng6 17. f5 exf5 18. exf5 Ne7 19. f6 gxf6 20. Bh6 Ng6 21. Bxf8 Qxf8 22. Rxf6 Re8 23. Qf3 Ne5 24. Qg3+ Qg7 25. Qxg7+ Kxg7 26. Raf1 Re7 27. R6f5 Bd6 28. c3 b5 29. axb5 cxb5 30. Bc2 b4 31. Rg5+ Ng6 32. cxb4 axb4 33. h4 h6 34. Rg4 Re5 35. Bf5 h5 36. Rg5 Kh6 37. Bxg6 fxg6 38. Rxe5 Bxe5 39. b3 Bc3 40. Rf4 Kg7 41. Rc4 Kf6 42. Kh2 g5 43. hxg5+ Kxg5 44. Kh3 h4 45. Rxh4 Be1 46. Rc4 Bc3 47. g4 Kg6 48. Kg3 Kg5 49. Rc5+ Kg6 50. Kf3 Kf6 51. Rf5+ Kg6 52. Ke4 Kg7 53. Kd5 Kg6 54. Kc4 Bd2 55. Rb5 Bc3 56. Rxb4 Bxb4 57. Kxb4 Kg5 58. Kc5 Kxg4 59. b4 Kf5 60. b5 Ke6 61. Kc6 Ke7 62. Kc7 Ke6 63. b6 Kd5 64. b7 Kc4 65. b8=Q Kd5 66. Qb6 1-0


[Site "https://www.chess.com"]

[Event "Titled Tuesday Blitz May 03 Late 2022"]
[White "Toniutti, Ezio"]
[Black "Semenenko, Dmytry"]
[WhiteFideId "113034"]
[BlackFideId "14118645"]
[WhiteElo "2215"]
[BlackElo "2113"]
[Result "0-1"]
[Round "02"]
[TimeControl "180+1"]
[Date "2022.05.03"]
[WhiteClock "0:01:50"]
[BlackClock "0:01:31"]

1. d4 d5 2. c4 c6 3. Nc3 Nf6 4. e3 g6 5. Nf3 Bg7 6. cxd5 cxd5 7. Be2 O-O 8. O-O Nc6 9. Qb3 a6 10. Bd2 b5 11. a4 b4 12. Na2 a5 13. Nc1 Ne4 14. Bb5 Bb7 15. Nd3 Qd6 16. Rac1 Rac8 17. Rc2 g5 18. Rfc1 g4 19. Bxc6 Bxc6 20. Nfe5 Nxd2 21. Rxd2 Bb7 22. Rxc8 Rxc8 23. Nxg4 Ba6 24. Rd1 Bc4 25. Qc2 Qg6 0-1


[Site "https://www.chess.com"]

[Event "Titled Tuesday Blitz May 03 Late 2022"]
[White "Trost, Edvin"]
[Black "Hambleton, Aman"]
[WhiteFideId "1729519"]
[BlackFideId "2606577"]
[WhiteElo "2160"]
[BlackElo "2552"]
[Result "1-0"]
[Round "02"]
[TimeControl "180+1"]
[Date "2022.05.03"]
[WhiteClock "0:00:28"]
[BlackClock "0:00:05"]

1. d4 Nf6 2. c4 e6 3. g3 c5 4. Nf3 cxd4 5. Nxd4 Qc7 6. Nc3 a6 7. Bg2 Qxc4 8. O-O Nc6 9. Nc2 Be7 10. e4 O-O 11. Be3 Ne5 12. Re1 d6 13. Rc1 Qd3 14. Na4 Qxd1 15. Rexd1 Nc4 16. Nb6 Nxb6 17. Bxb6 Bd7 18. Ne3 Rfc8 19. Bc7 Bc6 20. Bxd6 Bxd6 21. Rxd6 Bxe4 22. Rxc8+ Rxc8 23. Bxe4 Nxe4 24. Rd7 Nc5 25. Rd2 a5 26. Rc2 Rc6 27. Rd2 g6 28. Nc4 a4 29. Rd8+ Kg7 30. Ra8 Rc7 31. Kg2 b5 32. Nd6 Kh6 33. Nxb5 Rb7 34. Ra5 f6 35. Nd4 Rc7 36. b4 axb3 37. axb3 e5 38. b4 Nb7 39. Nb5 Rd7 40. Ra7 Kg5 41. h4+ Kf5 42. Nc3 Ke6 43. b5 Nd6 44. Ra6 Rb7 45. Ne4 Rd7 46. Nc5+ Ke7 47. Nxd7 Kxd7 48. Ra7+ Ke6 49. b6 Nc8 50. Rc7 Nxb6 51. Rc6+ Kf5 52. Rxb6 h5 53. Rb3 g5 54. hxg5 Kxg5 55. Re3 h4 56. Kh3 hxg3 57. Kxg3 Kf5 58. f3 Kg5 59. Re1 Kf5 60. Ra1 Kg5 61. Ra5 Kf5 62. f4 Ke4 63. fxe5 fxe5 64. Kf2 Kf4 65. Ke2 e4 66. Ra4 1-0


[Site "https://www.chess.com"]

[Event "Titled Tuesday Blitz May 03 Late 2022"]
[White "Tymrakiewicz, Rafal"]
[Black "Rustemov, Alexander"]
[WhiteFideId "1108832"]
[BlackFideId "4119002"]
[WhiteElo "2205"]
[BlackElo "2720"]
[Result "0-1"]
[Round "02"]
[TimeControl "180+1"]
[Date "2022.05.03"]
[WhiteClock "0:00:02"]
[BlackClock "0:00:50"]

1. e4 e6 2. d4 d5 3. e5 c5 4. c3 Qb6 5. Nf3 Bd7 6. Bd3 cxd4 7. O-O Nc6 8. Re1 Nge7 9. a3 Rc8 10. h4 h6 11. h5 a6 12. g4 dxc3 13. Nxc3 Na5 14. Bc2 Nc4 15. Rb1 Nc6 16. b4 Be7 17. Bf4 Nxa3 18. Na4 Qd8 19. Rc1 Nxc2 20. Rxc2 Nxb4 21. Rxc8 Qxc8 22. Qd4 Bxa4 23. Rc1 Bc6 24. g5 hxg5 25. Bxg5 Qd8 26. Bxe7 Qxe7 27. Qg4 Kf8 28. Rd1 a5 29. Rd4 Qc5 30. Rf4 Rxh5 31. Qg6 Qc1+ 32. Kg2 Qh1+ 33. Kg3 Qh3# 0-1


[Site "https://www.chess.com"]

[Event "Titled Tuesday Blitz May 03 Late 2022"]
[White "Urbina Perez, Juan Antonio"]
[Black "Stojanovski, Sandi"]
[WhiteFideId "2217368"]
[BlackFideId "1403249"]
[WhiteElo "2192"]
[BlackElo "2281"]
[Result "1-0"]
[Round "02"]
[TimeControl "180+1"]
[Date "2022.05.03"]
[WhiteClock "0:00:42"]
[BlackClock "0:00:02"]

1. e4 Nf6 2. e5 Nd5 3. d4 d6 4. Nf3 Bg4 5. Be2 e6 6. exd6 cxd6 7. O-O Be7 8. h3 Bh5 9. Nbd2 O-O 10. Re1 Nc6 11. Nf1 Rc8 12. c3 Nf6 13. Ng3 Bxf3 14. Bxf3 d5 15. Ne2 b5 16. a3 a5 17. Nf4 b4 18. axb4 axb4 19. Qe2 Bd6 20. Nd3 bxc3 21. bxc3 Na5 22. Bg5 h6 23. Bxf6 gxf6 24. Qe3 Kg7 25. Nb2 Nc4 26. Nxc4 Rxc4 27. Be2 Rc7 28. Qf3 f5 29. Rac1 Qg5 30. g3 Rfc8 31. h4 Qf6 32. Rc2 Bb4 33. Rec1 Ba3 34. Ra1 Bb4 35. Rac1 Ba3 36. Rd1 Bb4 37. Rd3 Ba5 38. Kg2 Rc6 39. Qe3 Qe7 40. Qe5+ f6 41. Qe3 Qc7 42. Bh5 Qd6 43. Kh3 Bb4 44. f4 Ba5 45. g4 fxg4+ 46. Bxg4 f5 47. Bh5 Kf6 48. Rc1 Rg8 49. Rc2 Rcc8 50. Rdd2 Bc7 51. Rf2 Bb8 52. Rf3 Rc7 53. Rg2 Rcg7 54. Rxg7 Rxg7 55. Be8 Qf8 56. Bh5 Qg8 57. Rf2 Rg1 58. Qf3 Bd6 59. Re2 Qg7 60. Qe3 1-0


[Site "https://www.chess.com"]

[Event "Titled Tuesday Blitz May 03 Late 2022"]
[White "Vasquez Schroeder, Rodrigo"]
[Black "Suder, Jakub"]
[WhiteFideId "3400042"]
[BlackFideId "1195310"]
[WhiteElo "2561"]
[BlackElo "2058"]
[Result "1-0"]
[Round "02"]
[TimeControl "180+1"]
[Date "2022.05.03"]
[WhiteClock "0:00:52"]
[BlackClock "0:00:07"]

1. e4 c5 2. Nf3 e6 3. d4 cxd4 4. Nxd4 Nc6 5. Nb5 Nf6 6. N1c3 Bc5 7. Bf4 O-O 8. Bc7 Qe7 9. Bd6 Bxd6 10. Qxd6 Qd8 11. Qd2 d5 12. exd5 exd5 13. O-O-O Bg4 14. f3 Be6 15. Kb1 Rc8 16. Nd4 Qb6 17. g4 Nd7 18. Be2 Na5 19. f4 Nf6 20. f5 Bd7 21. Rhe1 Rfd8 22. h3 Rc7 23. Bf1 Rdc8 24. Ka1 Nc4 25. Bxc4 Rxc4 26. g5 Ne4 27. Nxd5 Qc5 28. Rxe4 Qxd5 29. Qe1 a5 30. Re5 Qd6 31. c3 a4 32. Nc2 Qf8 33. Rxd7 1-0


[Site "https://www.chess.com"]